 Dungeon Crawl Stone Soup version 0.31-a0-765-g67fe2935dc (webtiles) character file.

Game seed: 6789618571428415751

199 jt the Ruffian (level 5, 0/34 HPs)
             Began as an Octopode Artificer on Sept 15, 2023.
             Slain by an iguana (12 damage)
             ... on level 4 of the Dungeon.
             The game lasted 00:08:35 (2845 turns).

jt the Ruffian (Octopode Artificer)                 Turns: 2845, Time: 00:08:36

Health: 0/34       AC:  1    Str: 13    XL:     5   Next: 77%
Magic:  5/5        EV: 13    Int: 14    God:
Gold:   489        SH:  0    Dex: 12    Spells: 4/4 levels left

rFire   . .          .
                       - Unarmed
rCold   . . .        (no shield)
rNeg    . . .        (helmet restricted)
rPois   .            (no amulet)
rElec   .            (no ring)
rCorr   .            (no ring)
SInv    .            (no ring)
Will    .....        (no ring)
Stlth   +++          (no ring)
HPRegen 0.25/turn    (no ring)
MPRegen 0.09/turn    (no ring)
                     (no ring)

%: no passive effects
@: no status effects
A: almost no armour, amphibious, 8 rings, camouflage 1, gelatinous body 1,
(nimble swimmer 1), tentacles
a: no special abilities


You were on level 4 of the Dungeon.
You visited 1 branch of the dungeon, and saw 4 of its levels.

You collected 1065 gold pieces.
You spent 576 gold pieces at shops.

Inventory:

Hand Weapons
 a - a +0 club
 f - a +0 whip
 g - a +0 spear
 h - a +1 dagger of electrocution
 j - a +0 war axe
Missiles
 i - 10 stones (quivered)
 r - a throwing net
 s - 2 poisoned darts
Armour
 p - a +0 kite shield
Jewellery
 m - a ring of ice
Wands
 b - a wand of flame (14)
 c - a wand of charming (15)
 d - a wand of iceblast (3)
Scrolls
 l - 2 scrolls of immolation
 n - 3 scrolls of revelation
 o - a scroll of amnesia
Potions
 e - a potion of curing
 q - a potion of invisibility
 t - a potion of enlightenment {unknown}
 u - a potion of magic
Miscellaneous
 k - a phantom mirror


   Skills:
 + Level 2.0 Fighting
 + Level 3.0 Dodging
 - Level 2.0 Stealth
 + Level 4.3 Unarmed Combat
 + Level 3.4 Evocations


You had 4 spell levels left.
You didn't know any spells.
Your spell library contained the following spells:

 Spells                   Type           Power      Damage    Failure   Level
 Freeze                   Ice            0%         1d3       28%         1
 Necrotise                Necr           0%         1d4       28%         1
 Slow                     Hex            0%         N/A       28%         1
 Confusing Touch          Hex            0%         N/A       65%         3
 Frozen Ramparts          Ice            0%         1d1       65%         3
 Hailstorm                Conj/Ice       0%         3d3       65%         3
 Sigil of Binding         Hex            0%         N/A       65%         3
 Vampiric Draining        Necr           0%         2d6       65%         3
 Agony                    Necr           0%         N/A       100%        5


Dungeon Overview and Level Annotations

Branches:
Dungeon (4/15)
 Temple: D:4-7

Altars:
Xom

Shops:
D:1 *

Annotations:
D:4 Blork the orc


Innate Abilities, Weirdness & Mutations

You cannot wear most types of armour.
You are amphibious.
You can wear up to eight rings at the same time.
Your skin changes colour to match your surroundings (Stealth+).
Your rubbery body absorbs attacks. (AC +1, EV +1)
((You are camouflaged when in or above water. (Stealth+)))
You have tentacles for arms and can constrict up to eight enemies at once.


Message History

There is an open door here.
There is a stone staircase leading down here.
You climb downwards.
There is a stone staircase leading up here.
There is a stone staircase leading down here.
You climb downwards.
There is a stone staircase leading up here.
There is a stone staircase leading up here.
Done exploring.
Done exploring.
There is a stone staircase leading down here.
You climb downwards.
Found 17 gold pieces.
There is a stone staircase leading up here.
Okay, then.
Found a stone staircase leading down.
A quokka comes into view.
The helpless ball python fails to defend itself.
You tentacle-slap the ball python.
You kill the ball python!
The hound barks!
An iguana comes into view.
The hound closely misses you.
Blork the orc comes into view.
He is wielding a +0 scimitar.
The hound bites you.
You barely miss the hound.
Blork the orc shouts!
The iguana hisses angrily.
You grab the hound. You constrict the hound. The hound bites you. x2
You tentacle-slap the hound. You squeeze the hound.
The hound is heavily wounded.
You constrict the hound. The hound completely misses you.
You tentacle-slap the hound. You squeeze the hound.
You kill the hound!
A scorpion comes into view.
Your Fighting skill increases to level 2!
Your Dodging skill increases to level 3!
Blork the orc casts a spell at you. The puff of flame hits you!
The iguana misses you. The iguana attacks as it pursues you!
The iguana bites you!
You die...

###########
##..........
##...........
#....o...s...
#............
#.<@l$.......
#............
#............
##...†.......
##..........
###........
.......
.......
.>....r


You could see Blork the orc, a scorpion and an iguana.

Vanquished Creatures
  A hound (D:4)
  An orc wizard (D:3)
  4 gnolls (D:2)
  2 adders (D:3)
  A worm (D:3)
  2 dart slugs (D:3)
  9 orcs
  4 ball pythons
  3 bats
  4 endoplasms (D:1)
  3 giant cockroaches
  9 goblins
  4 hobgoblins
  6 jackals
  7 kobolds
  A quokka (D:2)
  3 frilled lizards (D:3)
  4 rats
68 creatures vanquished.

Notes
Turn   | Place    | Note
-------+----------+-------------------------------------------
     0 | D:1      | jt the Octopode Artificer began the quest for the Orb.
     0 | D:1      | Reached XP level 1. HP: 13/13 MP: 1/1
   157 | D:1      | Reached skill level 1 in Unarmed Combat
   158 | D:1      | Reached XP level 2. HP: 11/18 MP: 2/2
   273 | D:1      | Found Ymyrgh's General Store.
   415 | D:1      | Reached skill level 2 in Unarmed Combat
   512 | D:1      | Reached XP level 3. HP: 23/23 MP: 3/3
   658 | D:1      | You fall into a shaft and drop 1 floor!
   658 | D:2      | Found a shimmering altar of Xom.
  1550 | D:3      | Reached skill level 3 in Unarmed Combat
  1716 | D:2      | Reached XP level 4. HP: 17/28 MP: 4/4
  2101 | D:2      | Reached skill level 4 in Unarmed Combat
  2384 | D:3      | Reached XP level 5. HP: 32/33 MP: 5/5
  2491 | D:3      | Identified a scroll of acquirement
  2639 | D:3      | Acquired 937 gold pieces
  2746 | D:1      | Bought a phantom mirror for 480 gold pieces
  2746 | D:1      | Bought a potion of magic for 96 gold pieces
  2839 | D:4      | Noticed Blork the orc
  2845 | D:4      | Slain by an iguana

Illustrated notes

Levels and vault maps discovered:
D:1:      tarquinn_simple_flora_water_f, layout_basic, serial_shops, shop
D:2:      layout_loops_cross, basic_altar, minmay_misc_feat_enclosed,
          bh_walls_and_bars
D:3:      layout_rooms
D:4:      layout_rooms, nicolae_sif_muna_little_library,
          minmay_temple_entry_fiery, serial_shops, shop, uniq_blork_the_orc,
          uniq_ijyb

Skill      XL: |  1  2  3  4  5 |
---------------+----------------+-----
Stealth        | 2 |  2.0
Unarmed Combat | 1 2 3 4 |  4.3
Fighting       | 2 |  2.0
Dodging        | 3 |  3.0
Evocations     | |  3.4

Action                     |  1- 3 |  4- 6 || total
---------------------------+-------+-------++-------
  Melee: Spear             |    52 |       ||    52
         Constrict         |    22 |    19 ||    41
         Club              |     3 |       ||     3
         Tentacles         |    15 |    11 ||    26
         Dagger            |    21 |       ||    21
         Unarmed           |    16 |    62 ||    78
         Punch             |     1 |     4 ||     5
  Throw: Stone             |     7 |    18 ||    25
  Evoke: Wand              |       |     3 ||     3
    Use: Scroll            |     3 |     5 ||     8
         Potion            |     3 |     1 ||     4
   Stab: Sleeping          |     6 |     3 ||     9
 Armour: Skin              |    41 |    34 ||    75
  Dodge: Dodged            |    43 |    42 ||    85

Table legend: (Time is in decaauts)
 A = Elapsed time spent in this place.
 B = Non-inter-level travel time spent in this place.
 C = Inter-level travel time spent in this place.
 D = Time resting spent in this place.
 E = Time spent auto-exploring this place.
 F = Levels seen in this place.
 G = Mean time per level.
                   A        B        C        D        E       F      G
               +--------+--------+--------+--------+--------+-----+--------+
         Total |   2851 |   2527 |    324 |    427 |   1271 |   4 |  712.8 |
       Dungeon |   2851 |   2527 |    324 |    427 |   1271 |   4 |  712.8 |
               +--------+--------+--------+--------+--------+-----+--------+

Top non-repeatable levels by time:
     D:1: 1119 daAuts
     D:2: 1111 daAuts
     D:3: 607 daAuts
     D:4: 13 daAuts
